BOTTOM OF THE 1ST |
Dunedin Blue Jays batting - Pitching for State College Spikes : RHP Ron Crawford
|
Pitching: RHP Ron Crawford
|
|
Batting: RHB Fernando Bórquez
|
0-0: DOUBLE (Groundball, 5L)
|
Batting: SHB Richard Griffin
|
0-0: Ball 1-0: Ball 2-0: Ball 3-0: Called Strike 3-1: Ground out 1-3 (Groundball, 13S) Fernando Bórquez to third
|
Batting: RHB Keith Ivey
|
0-0: Called Strike 0-1: Ball 1-1: SINGLE (Groundball, 34D) (infield hit) Fernando Bórquez scores
|
Batting: RHB Gilberto Tovar
|
0-0: Called Strike 0-1: Called Strike 0-2: Strikes out swinging
|
Batting: RHB David Castillo
|
0-0: Ball 1-0: Ball 2-0: Ball 3-0: Called Strike 3-1: Foul Ball, location: 2F 3-2: Ground out 5-3 (Groundball, 5)
|
Bottom of the 1st over - 1 run(s), 2 hit(s), 0 error(s), 1 left on base; State College 1 - Dunedin 1 |
TOP OF THE 2ND |
State College Spikes batting - Pitching for Dunedin Blue Jays : RHP Fernando Guzmán
|
Batting: RHB Javier Peña
|
0-0: Swinging Strike 0-1: Ball 1-1: Ball 2-1: Ball 3-1: Base on Balls
|
Batting: SHB Thomas Simmons
|
0-0: Ball Javier Peña steals 2nd base 1-0: Swinging Strike 1-1: Foul Ball, location: 2F 1-2: Strikes out looking
|
Batting: RHB Joaquín Vásquez
|
0-0: Foul Ball, location: 2F 0-1: Swinging Strike 0-2: Ball 1-2: Fly out, F3 (Popup, 34)
|
Batting: RHB Nick Mackin
|
0-0: Foul Ball, location: 2F 0-1: Swinging Strike 0-2: Ball 1-2: Ball 2-2: Strikes out swinging
|
Top of the 2nd over - 0 run(s), 0 hit(s), 0 error(s), 1 left on base; State College 1 - Dunedin 1 |
BOTTOM OF THE 2ND |
Dunedin Blue Jays batting - Pitching for State College Spikes : RHP Ron Crawford
|
Batting: LHB Roberto Félix
|
0-0: Ball 1-0: Swinging Strike 1-1: Foul Ball, location: 2F 1-2: Strikes out swinging
|
Batting: RHB António Aguilar
|
0-0: Swinging Strike 0-1: Foul Ball, location: 2F 0-2: Strikes out swinging
|
Batting: RHB José Murillo
|
0-0: Ball 1-0: Foul Ball, location: 2F 1-1: Fly out, F3 (Popup, 3DF)
|
Bottom of the 2nd over - 0 run(s), 0 hit(s), 0 error(s), 0 left on base; State College 1 - Dunedin 1 |
TOP OF THE 3RD |
State College Spikes batting - Pitching for Dunedin Blue Jays : RHP Fernando Guzmán
|
Batting: RHB Alonzo Herrera
|
0-0: Ball 1-0: Swinging Strike 1-1: Called Strike 1-2: Foul Ball, location: 2F 1-2: Strikes out swinging
|
Batting: RHB Martín López
|
0-0: Foul Ball, location: 2F 0-1: Ground out 6-3 (Groundball, 6)
|
Batting: SHB Clint Woods
|
0-0: Ball 1-0: Ball 2-0: Called Strike 2-1: Ball 3-1: Base on Balls
|
Batting: RHB Mike Ingram
|
0-0: Ball 1-0: Foul Ball, location: 2F 1-1: Ball 2-1: Foul Ball, location: 2F 2-2: Foul Ball, location: 2F 2-2: Strikes out swinging
|
Top of the 3rd over - 0 run(s), 0 hit(s), 0 error(s), 1 left on base; State College 1 - Dunedin 1 |
BOTTOM OF THE 3RD |
Dunedin Blue Jays batting - Pitching for State College Spikes : RHP Ron Crawford
|
Batting: RHB Rafael Carreón
|
0-0: Called Strike 0-1: Swinging Strike 0-2: Ground out 5-3 (Groundball, 5)
|
Batting: RHB Fernando Bórquez
|
0-0: Called Strike 0-1: Ball 1-1: SINGLE (Line Drive, 56)
|
Batting: SHB Richard Griffin
|
0-0: Ball 1-0: Called Strike 1-1: Fly out, F7 (Flyball, 78S)
|
Batting: RHB Keith Ivey
|
0-0: Ball 1-0: Ball 2-0: Called Strike 2-1: Foul Ball, location: 2F 2-2: Strikes out swinging
|
Bottom of the 3rd over - 0 run(s), 1 hit(s), 0 error(s), 1 left on base; State College 1 - Dunedin 1 |
TOP OF THE 4TH |
State College Spikes batting - Pitching for Dunedin Blue Jays : RHP Fernando Guzmán
|
Batting: RHB Eric Knight
|
0-0: Ball 1-0: Ball 2-0: Foul Ball, location: 2F 2-1: Foul Ball, location: 2F 2-2: Ball 3-2: Fly out, F7 (Flyball, 78S)
|
Batting: RHB Javier Peña
|
0-0: Ball 1-0: Foul Ball, location: 2F 1-1: Swinging Strike 1-2: Foul Ball, location: 2F 1-2: Strikes out swinging
|
Batting: SHB Thomas Simmons
|
0-0: Swinging Strike 0-1: Ball 1-1: Ball 2-1: Foul Ball, location: 2F 2-2: Strikes out swinging
|
Top of the 4th over - 0 run(s), 0 hit(s), 0 error(s), 0 left on base; State College 1 - Dunedin 1 |
BOTTOM OF THE 4TH |
Dunedin Blue Jays batting - Pitching for State College Spikes : RHP Ron Crawford
|
Batting: RHB Gilberto Tovar
|
0-0: Called Strike 0-1: Swinging Strike 0-2: Ball 1-2: Strikes out looking
|
Batting: RHB David Castillo
|
0-0: Ball 1-0: Foul Ball, location: 2F 1-1: Ball 2-1: Foul Ball, location: 2F 2-2: Ball 3-2: Foul Ball, location: 2F 3-2: Base on Balls
|
Batting: LHB Roberto Félix
|
0-0: Ball 1-0: Foul Ball, location: 2F 1-1: Foul Ball, location: 2F 1-2: Foul Ball, location: 2F 1-2: Ball 2-2: Foul Ball, location: 2F 2-2: Ball Wild Pitch! David Castillo to second 3-2: Fly out, F7 (Flyball, 7LM)
|
Batting: RHB António Aguilar
|
0-0: Foul Ball, location: 2F 0-1: Hit by Pitch
|
Batting: RHB José Murillo
|
0-0: Called Strike 0-1: DOUBLE (Line Drive, 89M) David Castillo scores António Aguilar to third Runner from 3rd tries for Home, SAFE, no throw or cutoff
|
Batting: RHB Rafael Carreón
|
0-0: Called Strike 0-1: Ground out 6-3 (Groundball, 6)
|
Bottom of the 4th over - 2 run(s), 1 hit(s), 0 error(s), 1 left on base; State College 1 - Dunedin 3 |
TOP OF THE 5TH |
State College Spikes batting - Pitching for Dunedin Blue Jays : RHP Fernando Guzmán
|
Batting: RHB Joaquín Vásquez
|
0-0: Called Strike 0-1: Swinging Strike 0-2: Ball 1-2: Ball 2-2: Strikes out swinging
|
Batting: RHB Nick Mackin
|
0-0: Called Strike 0-1: Called Strike 0-2: Ball 1-2: Ground out 5-3 (Groundball, 56)
|
Batting: RHB Alonzo Herrera
|
0-0: Called Strike 0-1: SINGLE (Line Drive, 56D)
|
Batting: RHB Martín López
|
0-0: Ball 1-0: Called Strike 1-1: Ball 2-1: Fly out, F7 (Flyball, 7D)
|
Top of the 5th over - 0 run(s), 1 hit(s), 0 error(s), 1 left on base; State College 1 - Dunedin 3 |
BOTTOM OF THE 5TH |
Dunedin Blue Jays batting - Pitching for State College Spikes : RHP Ron Crawford
|
Batting: RHB Fernando Bórquez
|
0-0: Ball 1-0: SINGLE (Line Drive, 34)
|
Batting: SHB Richard Griffin
|
Pickoff Throw to First - Out! 0-0: Called Strike 0-1: Fly out, F7 (Popup, 56D)
|
Batting: RHB Keith Ivey
|
0-0: Ball 1-0: Ball 2-0: Ball 3-0: Base on Balls
|
Batting: RHB Gilberto Tovar
|
0-0: Ball 1-0: Called Strike Keith Ivey steals 2nd base 1-1: SINGLE (Line Drive, 7LM) Keith Ivey to third Runner from 3rd tries for Home, SAFE, no throw or cutoff
|
Batting: RHB David Castillo
|
0-0: Ball Gilberto Tovar steals 2nd base 1-0: Swinging Strike 1-1: Ground out 1-3 (Groundball, 15)
|
Bottom of the 5th over - 1 run(s), 2 hit(s), 0 error(s), 1 left on base; State College 1 - Dunedin 4 |
TOP OF THE 6TH |
State College Spikes batting - Pitching for Dunedin Blue Jays : RHP Fernando Guzmán
|
Batting: SHB Clint Woods
|
0-0: Ball 1-0: Ball 2-0: Foul Ball, location: 2F 2-1: Foul Ball, location: 2F 2-2: Ball 3-2: Foul Ball, location: 2F 3-2: Base on Balls
|
Batting: RHB Mike Ingram
|
0-0: Ball 1-0: Fly out, F8 (Flyball, 8RD)
|
Batting: RHB Eric Knight
|
0-0: Ball 1-0: Ball 2-0: Called Strike 2-1: Fly out, F8 (Flyball, 8RD)
|
Batting: RHB Javier Peña
|
0-0: Called Strike 0-1: Ball 1-1: Ball 2-1: Foul Ball, location: 2F 2-2: Foul Ball, location: 2F 2-2: Ball 3-2: Foul Ball, location: 2F 3-2: Ground out 6-3 (Groundball, 6)
|
Top of the 6th over - 0 run(s), 0 hit(s), 0 error(s), 1 left on base; State College 1 - Dunedin 4 |
BOTTOM OF THE 6TH |
Dunedin Blue Jays batting - Pitching for State College Spikes : RHP Ron Crawford
|
Batting: LHB Roberto Félix
|
0-0: Ball 1-0: Ground out 5-3 (Groundball, 56)
|
Batting: RHB António Aguilar
|
0-0: TRIPLE (Flyball, 8RXD)
|
Batting: RHB José Murillo
|
0-0: Intentional Walk
|
Pitching: RHP António Córdova
|
|
Batting: RHB Rafael Carreón
|
0-0: Ball 1-0: Ball 2-0: Foul Ball, location: 2F 2-1: Ball 3-1: Base on Balls José Murillo to second
|
Batting: RHB Fernando Bórquez
|
0-0: Called Strike 0-1: Ball 1-1: Fly out, F7 (Flyball, 7M) Runner from 3rd tags up, SCORES, no throw
|
Batting: SHB Richard Griffin
|
0-0: Foul Ball, location: 2F 0-1: Ball 1-1: Ball 2-1: Ball 3-1: Base on Balls José Murillo to third Rafael Carreón to second
|
Batting: RHB Keith Ivey
|
0-0: Ball 1-0: Swinging Strike 1-1: Ball 2-1: Ball 3-1: Foul Ball, location: 2F 3-2: Foul Ball, location: 2F 3-2: Foul Ball, location: 2F 3-2: Base on Balls José Murillo scores Rafael Carreón to third Richard Griffin to second
|
Batting: RHB Gilberto Tovar
|
0-0: Ball 1-0: Ball 2-0: Ball 3-0: Foul Ball, location: 2F 3-1: Foul Ball, location: 2F 3-2: Strikes out looking
|
Bottom of the 6th over - 2 run(s), 1 hit(s), 0 error(s), 3 left on base; State College 1 - Dunedin 6 |
TOP OF THE 7TH |
State College Spikes batting - Pitching for Dunedin Blue Jays : RHP Fernando Guzmán
|
Batting: SHB Thomas Simmons
|
0-0: Ball 1-0: Ball 2-0: Called Strike 2-1: Ball 3-1: Foul Ball, location: 2F 3-2: Ground out U3 (Groundball, 3L)
|
Pitching: LHP Artie Hernández
|
|
Batting: RHB Joaquín Vásquez
|
0-0: Foul Ball, location: 2F 0-1: Swinging Strike 0-2: Strikes out looking
|
Batting: RHB Nick Mackin
|
0-0: Called Strike 0-1: Foul Ball, location: 2F 0-2: Strikes out swinging
|
Top of the 7th over - 0 run(s), 0 hit(s), 0 error(s), 0 left on base; State College 1 - Dunedin 6 |
BOTTOM OF THE 7TH |
Dunedin Blue Jays batting - Pitching for State College Spikes : RHP António Córdova
|
Batting: RHB David Castillo
|
0-0: Ball 1-0: Called Strike 1-1: Reached on error, E5 (Groundball, 56)
|
Batting: LHB Roberto Félix
|
0-0: Swinging Strike 0-1: TRIPLE (Flyball, 78XD) David Castillo scores
|
Batting: RHB António Aguilar
|
0-0: Ball 1-0: Ball 2-0: Ball 3-0: Base on Balls
|
Batting: RHB José Murillo
|
0-0: Ball 1-0: Ball 2-0: 3-RUN HOME RUN (Flyball, 7D), Distance : 410 ft
|
Pitching: RHP Donnie Jackson
|
|
Batting: RHB Rafael Carreón
|
0-0: Ball 1-0: Called Strike 1-1: Swinging Strike 1-2: Ball 2-2: Ball 3-2: Strikes out swinging
|
Batting: RHB Fernando Bórquez
|
0-0: Swinging Strike 0-1: Ball 1-1: Ball 2-1: SINGLE (Groundball, 56D)
|
Batting: SHB Richard Griffin
|
0-0: Ball 1-0: Ball 2-0: Foul Ball, location: 2F 2-1: Foul Ball, location: 2F 2-2: Ball 3-2: Foul Ball, location: 2F 3-2: Strikes out looking Fernando Bórquez steals 2nd base Batter strikes out.
|
Batting: RHB Keith Ivey
|
0-0: Ball 1-0: Ball 2-0: Ball 3-0: Called Strike 3-1: Called Strike 3-2: Base on Balls
|
Batting: RHB Gilberto Tovar
|
0-0: Ball 1-0: Ball 2-0: Ground out 5-3 (Groundball, 5L)
|
Bottom of the 7th over - 4 run(s), 3 hit(s), 1 error(s), 2 left on base; State College 1 - Dunedin 10 |
TOP OF THE 8TH |
State College Spikes batting - Pitching for Dunedin Blue Jays : LHP Artie Hernández
|
Batting: RHB Alonzo Herrera
|
0-0: Called Strike 0-1: Foul Ball, location: 2F 0-2: Ball 1-2: Strikes out looking
|
Batting: RHB Martín López
|
0-0: Fly out, F6 (Popup, 4M)
|
Batting: SHB Clint Woods
|
0-0: Called Strike 0-1: Swinging Strike 0-2: Strikes out swinging
|
Top of the 8th over - 0 run(s), 0 hit(s), 0 error(s), 0 left on base; State College 1 - Dunedin 10 |
BOTTOM OF THE 8TH |
Dunedin Blue Jays batting - Pitching for State College Spikes : RHP Donnie Jackson
|
Batting: RHB David Castillo
|
0-0: Ball 1-0: Foul Ball, location: 2F 1-1: Ground out 3-1 (Groundball, 34)
|
Batting: LHB Roberto Félix
|
0-0: Ball 1-0: SINGLE (Groundball, 4M)
|
Batting: RHB António Aguilar
|
0-0: Called Strike Roberto Félix steals 2nd base 0-1: Ball 1-1: Ball 2-1: Ball 3-1: Foul Ball, location: 2F 3-2: Base on Balls
|
Batting: RHB José Murillo
|
0-0: Called Strike 0-1: Foul Ball, location: 2F 0-2: Foul Ball, location: 2F 0-2: Ball 1-2: DOUBLE (Flyball, 8RXD) Roberto Félix scores António Aguilar to third
|
Batting: RHB Rafael Carreón
|
0-0: Ball 1-0: Ball 2-0: Foul Ball, location: 2F 2-1: Foul Ball, location: 2F 2-2: Foul Ball, location: 2F 2-2: SINGLE (Groundball, 5L) António Aguilar scores José Murillo to third Runner from 3rd tries for Home, SAFE, no throw or cutoff
|
Batting: RHB Fernando Bórquez
|
0-0: Ball 1-0: Ball 2-0: DOUBLE (Line Drive, 5D) Rafael Carreón to third
|
Pitching: RHP Bill Hendricks
|
|
Batting: SHB Richard Griffin
|
0-0: Called Strike 0-1: Ground out 6-3 (Groundball, 6M) Rafael Carreón scores Fernando Bórquez to third
|
Batting: RHB Keith Ivey
|
0-0: Foul Ball, location: 2F 0-1: SINGLE (Line Drive, 56) Fernando Bórquez scores
|
Batting: RHB Gilberto Tovar
|
0-0: Called Strike 0-1: Swinging Strike 0-2: Ball 1-2: Ball 2-2: SINGLE (Line Drive, 7S) Keith Ivey to second
|
Batting: RHB David Castillo
|
0-0: Called Strike 0-1: Ball 1-1: Ball 2-1: Ground out 4-3 (Groundball, 4)
|
Bottom of the 8th over - 5 run(s), 6 hit(s), 0 error(s), 2 left on base; State College 1 - Dunedin 15 |
TOP OF THE 9TH |
State College Spikes batting - Pitching for Dunedin Blue Jays : LHP Artie Hernández
|
Batting: RHB Mike Ingram
|
0-0: Ball 1-0: Foul Ball, location: 2F 1-1: Fly out, F8 (Flyball, 89XD)
|
Batting: RHB Eric Knight
|
0-0: Foul Ball, location: 2F 0-1: Ball 1-1: Called Strike 1-2: Ball 2-2: Ball 3-2: Base on Balls
|
Batting: RHB Javier Peña
|
0-0: Foul Ball, location: 2F 0-1: Hit by Pitch Eric Knight to second
|
Batting: SHB Thomas Simmons
|
0-0: Ball 1-0: Swinging Strike 1-1: Ball 2-1: SINGLE (Line Drive, 78S) Eric Knight to third Javier Peña to second Runner from 3rd tries for Home, SAFE, throw made home Javier Peña to third Thomas Simmons to second
|
Batting: RHB Joaquín Vásquez
|
0-0: Foul Ball, location: 2F 0-1: Swinging Strike 0-2: Ball 1-2: Strikes out swinging
|
Batting: RHB Nick Mackin
|
0-0: Ball 1-0: Foul Ball, location: 2F 1-1: Foul Ball, location: 2F 1-2: Strikes out swinging
|
Top of the 9th over - 1 run(s), 1 hit(s), 0 error(s), 2 left on base; State College 2 - Dunedin 15 |
|